AoeStats
← jucca187

MegaRandom

505877617Analyzed
2v2 RM · 22d ago on Sep 11, 2026· 50m 23s· 4 players
Game mode
Random Map
Map size
Medium (4 player)
Population
200
Speed
Normal
Resources
Standard
Victory
Conquest
Starting age
Dark Age
Ending age
Imperial Age
RankedLock teamsTeams togetherTeam positionsShared explorationLock speedFull tech treeHidden civsTurbo modeCheats
Victory
Defeat
🇨🇳 Tupi · China
968
+15
🇨🇳 Bulgarians · China
925
+16
🇨🇱 Franks · Chile
965
-20
🇫🇮 Japanese · Finland
907
-14
AroNe1
8:53 Feudal Age
10:24 Loom
11:18 Double-Bit Axe
11:16 Horse Collar
12:11 Bloodlines
12:20 Forging
13:21 Scale Barding Armor
20:44 Castle Age
23:39 Bow Saw
24:01 Light Cavalry
25:16 Gold Mining
27:30 Stone Mining
28:41 Fervor
31:22 Iron Casting
31:25 Husbandry
36:57 Imperial Age
35:03 Wheelbarrow
34:15 Town Watch
34:37 Stirrups
34:47 Heavy Plow
37:42 Medium Warships
39:44 Blast Furnace
39:05 Chain Barding Armor
38:36 Fletching
39:06 Hand Cart
39:48 Town Patrol
41:39 Chemistry
41:53 Bodkin Arrow
42:33 Plate Barding Armor
42:28 Parthian Tactics
41:26 Heavy Cavalry Archer
42:12 Thumb Ring
43:02 Conscription
44:17 Caravan
47:02 Coinage
46:55 Ballistics
46:46 Masonry
46:42 Siege Engineers
46:32 Murder Holes
46:55 Clinker Construction
48:23 Banking
RedPhos
0:47 Loom
11:17 Feudal Age
16:51 Castle Age
15:58 Horse Collar
18:06 Fletching
18:37 Crossbowman
25:57 Double-Bit Axe
27:28 Champi Runner
28:09 Squires
28:43 Bow Saw
28:17 Champi Warrior
34:48 Wheelbarrow
38:13 Imperial Age
38:20 Imperial Age
36:23 Forging
36:13 Scale Mail Armor
36:09 Bodkin Arrow
36:14 Padded Archer Armor
36:02 Arson
36:30 Heavy Plow
36:22 Gold Mining
36:23 Stone Mining
37:16 Ballistics
37:35 Iron Casting
38:51 Hand Cart
38:22 Town Watch
38:17 Pikeman
39:16 Chain Mail Armor
39:16 Leather Archer Armor
39:07 Bracer
38:56 Halberdier
38:56 Elite Champi Warrior
40:57 Chemistry
42:59 Ring Archer Armor
43:00 Plate Mail Armor
42:17 Arbalester
46:18 Elite Champi Warrior
46:19 Elite Ibirapema Warrior
49:34 Conscription
49:19 Curare
49:19 Caciques
fmosape
9:49 Feudal Age
11:10 Wheelbarrow
10:23 Double-Bit Axe
13:04 Fishing Lines
25:36 Castle Age
26:32 Bow Saw
26:46 Hand Cart
28:51 Town Watch
29:27 Scale Barding Armor
29:14 Fletching
30:06 Husbandry
32:00 Pikeman
32:54 Squires
32:40 Gambesons
37:05 Chain Barding Armor
42:35 Imperial Age
42:43 Cavalier
43:48 Conscription
43:31 Chivalry
44:15 Stone Mining
44:18 Gold Mining
45:52 Paladin
47:40 Ballistics
48:58 Masonry
jucca187
13:33 Feudal Age
11:50 Loom
15:24 Double-Bit Axe
15:23 Fishing Lines
18:00 Stone Mining
18:02 Gold Mining
22:24 Fletching
22:35 Padded Archer Armor
24:46 Castle Age
24:48 Elite Skirmisher
25:35 Bodkin Arrow
27:12 Ballistics
26:59 Thumb Ring
28:09 Bow Saw
31:05 Squires
31:43 Wheelbarrow
31:43 Gillnets
36:06 Forging
35:57 Scale Mail Armor
Connection lost

Rejoining the realm…

Still unreachable

The connection could not be restored.

Session expired

The server has moved on; the page needs a fresh start.